 Dungeon Crawl Stone Soup version 0.28.0 (webtiles) character file.

Game seed: 2249135069603838693

83 mopl the Chopper (level 4, -4/35 HPs)
             Began as a Formicid Fighter on Feb 14, 2022.
             Was a Follower of Makhleb.
             Slain by an ogre (19 damage)
             ... on level 3 of the Dungeon.
             The game lasted 00:02:08 (1570 turns).

mopl the Chopper (Formicid Fighter)                 Turns: 1570, Time: 00:02:09

Health: -4/35      AC: 10    Str: 23    XL:     4   Next: 71%
Magic:  4/4        EV:  7    Int:  7    God:    Makhleb [*.....]
Gold:   73         SH:  4    Dex: 10    Spells: 3/3 levels left

rFire   . . .      SeeInvis +   a - +0 war axe
rCold   . . .      Faith    +   c - +0 buckler
rNeg    . . .      Spirit   .   f - +0 chain mail
rPois   .          Reflect  .   (helmet unavailable)
rElec   .          Harm     .   g - +0 cloak
rCorr   .          Rampage  .   (no gloves)
Will    .....                   (no boots)
Stlth   ..........              e - amulet of faith {!P}
HPRegen 0.11/turn               (no ring)
MPRegen 0.09/turn               (no ring)

@: no status effects
A: permanent stasis, dig shafts and tunnels, antennae 3, four strong arms
a: Dig, Shaft Self, Renounce Religion


You were on level 3 of the Dungeon.
You worshipped Makhleb.
Makhleb was aware of your devotion.
You visited 1 branch of the dungeon, and saw 3 of its levels.

You collected 73 gold pieces.

Inventory:

Hand Weapons
 a - a +0 war axe (weapon)
 j - a +2 hand axe of flaming
Missiles
 p - a boomerang
Armour
 c - a +0 buckler (worn)
 f - a +0 chain mail (worn)
 g - a +0 cloak (worn)
Magical Staves
 h - a staff of earth
Jewellery
 e - an amulet of faith (around neck) {!P}
Scrolls
 b - a scroll of teleportation {unknown}
 i - a scroll of fog {unknown}
 l - a scroll of enchant weapon {unknown}
 o - a scroll of noise {unknown}
 q - a scroll of immolation {unknown}
 r - a scroll of identify {unknown}
Potions
 d - a potion of might
 k - a potion of heal wounds {unknown}
 m - a potion of brilliance {unknown}
 n - a potion of degeneration {unknown}


   Skills:
 - Level 3.2 Fighting
 * Level 4.4 Axes
 - Level 3.2 Armour
 - Level 3.6 Shields
 + Level 0.9 Invocations


You had 3 spell levels left.
You didn't know any spells.
Your spell library was empty.

Dungeon Overview and Level Annotations

Branches:
Dungeon (3/15)

Altars:
Makhleb


Innate Abilities, Weirdness & Mutations

You cannot be hasted, slowed, berserked, paralysed or teleported.
You can dig through walls and to a lower floor.
You have a pair of large antennae on your head. (SInv)
Your four strong arms can wield two-handed weapons with a shield.


Message History

You hit Terence but do no damage. Terence hits you with a +0 hand axe.
You block Terence's attack.
You hit Terence.
Terence is moderately wounded.
You block Terence's attack.
You closely miss Terence.
Terence is moderately wounded.
Terence hits you with a +0 hand axe.
You slash Terence!
Terence is severely wounded.
Terence hits you with a +0 hand axe. You block Terence's attack.
You hit Terence.
Terence is almost dead.
Terence barely misses you.
You hit Terence but do no damage.
Terence is severely wounded.
Terence hits you but does no damage.
You hit Terence but do no damage.
Terence is severely wounded.
Terence looks scornfully at you. Terence hits you but does no damage.
You barely miss Terence.
Terence is severely wounded.
Terence looks scornfully at you. Terence closely misses you.
Terence hits you with a +0 hand axe!
You barely miss Terence.
Terence is severely wounded.
You block Terence's attack.
You hit Terence but do no damage.
Terence is severely wounded.
Terence hits you but does no damage.
You barely miss Terence.
Terence is severely wounded.
Terence hits you but does no damage. Terence hits you with a +0 hand axe.
You hit Terence.
You kill Terence!
Makhleb accepts your kill.
The ogre hits you with a +0 giant club!!
Ouch! That really hurt!
You die...

#.# ## ####### #.###.
....... ##### #.#<#.
....... #...# #.#.#.
.......######.[.####.#.#.
.......+.............)...
.......#.########.##.##.#
.......#...######(##.##..
.......O@..+......##.##..
##.#####...######....#...
#.### #.[###..# #.# ##.#
#... #.# ######.# ##..
#.####......####..
#....'............
######.....#.###.#
#.....+.....#


You could see an ogre.

Vanquished Creatures
  Terence (D:3)
  2 adders
  A worm (D:2)
  2 dart slugs
  An orc (D:3)
  7 bats
  An endoplasm (D:1)
  2 giant cockroaches (D:1)
  5 goblins
  4 hobgoblins
  8 jackals (D:1)
  3 kobolds (D:1)
  3 quokkas
  5 ball pythons
  A frilled lizard (D:2)
  8 rats
54 creatures vanquished.

Vanquished Creatures (others)
  10 plants (D:2)
  7 withered plants (D:2)
17 creatures vanquished.

Grand Total: 71 creatures vanquished

Notes
Turn   | Place    | Note
-------+----------+-------------------------------------------
     0 | D:1      | mopl the Formicid Fighter began the quest for the Orb.
     0 | D:1      | Reached XP level 1. HP: 18/18 MP: 1/1
   228 | D:1      | Reached XP level 2. HP: 18/24 MP: 2/2
   303 | D:1      | Reached skill level 3 in Axes
   450 | D:1      | Reached XP level 3. HP: 29/29 MP: 3/3
   911 | D:2      | Reached skill level 4 in Axes
   911 | D:2      | Reached XP level 4. HP: 27/35 MP: 4/4
   936 | D:2      | Found a faded altar of an unknown god.
   997 | D:2      | Prayed at the altar of an unknown god.
   997 | D:2      | Became a worshipper of Makhleb the Destroyer
   997 | D:2      | Reached * piety under Makhleb
  1548 | D:3      | Noticed Terence
  1548 | D:3      | Noticed an ogre
  1570 | D:3      | Killed Terence
  1570 | D:3      | Slain by an ogre

Illustrated notes

Levels and vault maps discovered:
D:1:      minmay_arrival_jagged, layout_basic
D:2:      layout_rooms, shapermc_ecumenical_altar_flowoftime,
          kennysheep_generic_room_13
D:3:      layout_basic, mainiacjoe_overflow_six_doors_small, uniq_terence

Skill      XL: |  1  2  3 |
---------------+----------+-----
Axes           | 3 4 |  4.4
Fighting       | |  3.2
Armour         | |  3.2
Shields        | |  3.6
Invocations    | |  0.9

Action                   |  1- 3 |  4- 6 || total
-------------------------+-------+-------++-------
Melee: War axe           |    97 |    85 ||   182
Armor: Chain mail        |    82 |    43 ||   125
Dodge: Dodged            |    45 |    28 ||    73
Block: Buckler           |    21 |    23 ||    44
